 Dungeon Crawl Stone Soup version 0.29-a0-284-gf9362112df (webtiles) character file.

Game seed: 8041810869380004041

219 rabbitsville the Sneak (level 5, -1/25 HPs)
             Began as a Spriggan Brigand on Mar 15, 2022.
             Slain by a gnoll
             ... wielding a +0 flail
              (8 damage)
             ... on level 5 of the Dungeon.
             The game lasted 00:16:19 (3566 turns).

rabbitsville the Sneak (Spriggan Brigand)           Turns: 3566, Time: 00:16:20

Health: -1/25      AC:  3    Str:  7    XL:     5   Next: 63%
Magic:  6/6        EV: 16    Int: 13    God:
Gold:   193        SH:  0    Dex: 18    Spells: 4/4 levels left

rFire   . . .      SeeInvis +   a - +2 dagger
rCold   . . .      Faith    .   (no shield)
rNeg    . . .      Spirit   .   u - +0 robe "Qucwuts" {rPois}
rPois   +          Reflect  .   (helmet restricted)
rElec   .          Harm     .   c - +0 cloak
rCorr   .          Rampage  .   (gloves unavailable)
Will    +....                   (boots unavailable)
Stlth   +++.......              (no amulet)
HPRegen 0.08/turn               z - ring of willpower
MPRegen 0.10/turn               (no ring)

@: very quick
A: very small, no large weapons, unfitting armour, see invisible, speed 3
a: no special abilities


You were on level 5 of the Dungeon.
You visited 1 branch of the dungeon, and saw 5 of its levels.

You collected 193 gold pieces.

Inventory:

Hand Weapons
 a - a +2 dagger (weapon)
Missiles
 d - 10 poisoned darts (quivered)
 e - 3 curare-tipped darts
 h - 56 stones
 B - 2 throwing nets
Armour
 b - a +0 robe
 c - a +0 cloak (worn)
 u - the +0 robe "Qucwuts" (worn) {rPois}
   (You found it on level 2 of the Dungeon)

   rPois:     It protects you from poison.
 A - a +1 robe of cold resistance
Jewellery
 n - a ring of ice
 w - an amulet of magic regeneration
 z - a ring of willpower (left hand)
Scrolls
 f - 4 scrolls of teleportation {unknown}
 i - 5 scrolls of identify {unknown}
 m - a scroll of torment {unknown}
 o - 2 scrolls of immolation {unknown}
 q - a scroll of brand weapon {unknown}
 s - a scroll of noise {unknown}
 t - a scroll of summoning {unknown}
 x - a scroll of fear {unknown}
 y - a scroll of enchant armour {unknown}
 D - a scroll of magic mapping {unknown}
Potions
 g - 2 potions of curing {unknown}
 j - a potion of invisibility {unknown}
 k - a potion of attraction {unknown}
 l - 2 potions of might {unknown}
 p - 4 potions of haste {unknown}
 r - a potion of resistance {unknown}
 v - a potion of berserk rage {unknown}
 C - a potion of ambrosia {unknown}


   Skills:
 - Level 1.5 Fighting
 + Level 4.1 Short Blades
 + Level 4.9 Throwing
 - Level 1.3 Dodging
 + Level 6.0 Stealth


You had 4 spell levels left.
You didn't know any spells.
Your spell library contained the following spells:

 Spells                   Type           Power      Damage    Failure   Level
 Foxfire                  Conj/Fire      0%         2x1d4     30%         1
 Pain                     Necr           0%         1d4       30%         1
 Ensorcelled Hibernation  Hex/Ice        0%         N/A       43%         2
 Conjure Flame            Conj/Fire      0%         6-21      67%         3
 Inner Flame              Hex/Fire       0%         N/A       67%         3
 Spider Form              Tmut/Pois      0%         N/A       67%         3
 Anguish                  Hex/Necr       0%         N/A       97%         4
 Flame Wave               Conj/Fire      0%         2d4       97%         4
 Agony                    Necr           0%         N/A       100%        5
 Excruciating Wounds      Necr           0%         N/A       100%        5


Dungeon Overview and Level Annotations

Branches:
Dungeon (5/15)
 Temple: D:4-7

Altars:
Okawaru
Ru

Shops:
D:4 [:

Annotations:
D:4 4 runed translucent doors


Innate Abilities, Weirdness & Mutations

You are very small and have problems with some larger weapons.
You are too small for most types of armour.
You have supernaturally acute eyesight. (SInv)
You cover ground extremely quickly. (Speed+++)


Message History

A kobold comes into view. It is wielding a +0 short sword.
An orc comes into view. It is wielding a +0 club.
The orc shouts!
You hear a shout! x2; You hear an angry hiss. x2
You hear a shout!
There is an open door here.
The kobold hits you with a +0 short sword.
A goblin comes into view. It is wielding a +0 dagger.
The goblin shouts!
You hit the orc.
The orc is heavily wounded.
The orc hits you but does no damage. The kobold completely misses you.
You hit the orc.
You kill the orc!
You hit the kobold.
The kobold is severely wounded.
An iguana comes into view.
The kobold closely misses you.
You barely miss the kobold.
The kobold is severely wounded.
The goblin hits you with a +0 dagger. The kobold hits you but does no damage.
The iguana hisses angrily.
You hit the goblin.
The goblin is severely wounded.
The goblin completely misses you. The kobold misses you.
You hit the goblin.
You kill the goblin!
The kobold hits you with a +0 short sword.
You hit the iguana but do no damage. You hit the iguana but do no damage.
The kobold misses you. The iguana bites you!
* * * LOW HITPOINT WARNING * * *
The iguana closely misses you.
There is an open door here.
There is a stone staircase leading down here.
You climb downwards.
The gnoll shouts!
Found 11 stones and a fuming amethyst potion.
There is a stone staircase leading up here.
The gnoll hits you with a +0 flail!
You die...

##........#
##.........#
##..........
#......!...#
...........#
...........#
#.........#
#.ggg@.(.#
#........#
#....g..##
#.......#
#.......#
#.......#
#......##
+.####.#


You could see 4 gnolls.

Vanquished Creatures
  A hound (D:3)
  An orc priest (D:3)
  6 adders
  A white imp (D:4)
  An ufetubus (D:4)
  2 worms
  5 orcs
  5 bats
  6 endoplasms
  2 giant cockroaches
  3 goblins
  6 hobgoblins
  8 jackals
  9 kobolds
  4 quokkas
  7 ball pythons
  7 frilled lizards
  8 rats
82 creatures vanquished.

Notes
Turn   | Place    | Note
-------+----------+-------------------------------------------
     0 | D:1      | rabbitsville the Spriggan Brigand began the quest for the
                  | Orb.
     0 | D:1      | Reached XP level 1. HP: 10/10 MP: 2/2
   374 | D:1      | Reached XP level 2. HP: 14/14 MP: 3/3
   576 | D:1      | Found a faded altar of an unknown god.
   798 | D:1      | Reached XP level 3. HP: 18/18 MP: 4/4
  1135 | D:2      | Identified the +0 robe "Qucwuts" {rPois}
  1429 | D:2      | Reached XP level 4. HP: 12/22 MP: 5/5
  2403 | D:3      | Reached XP level 5. HP: 25/25 MP: 6/6
  2890 | D:4      | Found Gelaiss's Antique Armour Shop.
  3174 | D:4      | Found an iron altar of Okawaru.
  3174 | D:4      | Found a sacrificial altar of Ru.
  3203 | D:4      | Found Zilex's Book Shoppe.
  3423 | D:4      | Found a large runed translucent door.
  3423 | D:4      | Found a large runed translucent door.
  3426 | D:4      | Noticed a sky beast
  3435 | D:4      | Found a large runed translucent door.
  3435 | D:4      | Found a large runed translucent door.
  3493 | D:4      | Reached skill level 6 in Stealth
  3565 | D:5      | Entered Level 5 of the Dungeon
  3566 | D:5      | Slain by a gnoll

Illustrated notes

Levels and vault maps discovered:
D:1:      dpeg_arrival_solitude, layout_loops_cross, basic_ecumenical_altar
D:2:      wander_river, layout_loops_cross
D:3:      layout_basic
D:4:      layout_basic, grunt_temple_overflow_open, serial_shops,
          nicolae_shop_bloodbath_and_beyond, kennysheep_mini_moat,
          nicolae_stop_n_shop_1, chequers_serial_rivers_micro_a,
          minmay_hollow_rounded_squares
D:5:      dreamdust_elfheim, layout_cave_pods,
          mainiacjoe_overflow_small_starburst, mainiacjoe_overflow_brackets,
          minmay_temple_entry_trees, hellmonk_ghost_happy_afterlife,
          corexii_shack, chequers_serial_rivers_marsh, grunt_decor_mini_mirrors,
          minmay_crystal_water, grunt_ministairs_5

Skill      XL: |  1  2  3  4  5 |
---------------+----------------+-----
Throwing       | 3 4 |  4.9
Short Blades   | 3 4 |  4.1
Stealth        | 6 |  6.0
Fighting       | |  1.5
Dodging        | |  1.3

Action                   |  1- 3 |  4- 6 || total
-------------------------+-------+-------++-------
Melee: Dagger            |    98 |   105 ||   203
       Punch             |       |     1 ||     1
Throw: Dart              |    15 |    13 ||    28
 Stab: Sleeping          |    13 |    19 ||    32
       Distracted        |       |     2 ||     2
Armor: Robe              |     9 |    16 ||    25
Dodge: Dodged            |    36 |    56 ||    92

Table legend: (Time is in decaauts)
 A = Elapsed time spent in this place.
 B = Non-inter-level travel time spent in this place.
 C = Inter-level travel time spent in this place.
 D = Time resting spent in this place.
 E = Time spent auto-exploring this place.
 F = Levels seen in this place.
 G = Mean time per level.
                   A        B        C        D        E       F      G
               +--------+--------+--------+--------+--------+-----+--------+
         Total |   2732 |   2705 |     27 |   1004 |    534 |   5 |  546.4 |
       Dungeon |   2732 |   2705 |     27 |   1004 |    534 |   5 |  546.4 |
               +--------+--------+--------+--------+--------+-----+--------+

Top non-repeatable levels by time:
     D:2: 741 daAuts
     D:3: 726 daAuts
     D:1: 721 daAuts
     D:4: 542 daAuts
     D:5: 0 daAuts
